AoeStats
← 大王同学

African Clearing

503826692Analyzed
4v4 RM · 28d ago on Sep 2, 2026· 43m 10s· 8 players
Game mode
Random Map
Map size
Large (8 player)
Population
200
Speed
Normal
Resources
Standard
Victory
Conquest
Starting age
Dark Age
Ending age
Imperial Age
RankedLock teamsTeams togetherTeam positionsShared explorationLock speedFull tech treeHidden civsTurbo modeCheats
Victory
Defeat
🇩🇪 Saracens · Germany
1244
+14
🇳🇱 Magyars · Netherlands
1208
+16
🇺🇸 Mongols · United States
1190
+17
🇦🇺 Malay · Australia
1153
+18
🇭🇰 Berbers · Hong Kong SAR China
1248
-18
🇨🇳 Burgundians · China
1227
-17
1197
-16
🇨🇳 Chinese · China
1144
-14
Peekachu
12:01 Loom
14:22 Feudal Age
18:36 Castle Age
16:48 Double-Bit Axe
19:35 Bow Saw
19:51 Horse Collar
23:08 Heavy Plow
23:52 Forging
29:33 Scale Barding Armor
30:24 Husbandry
31:13 Chain Barding Armor
33:29 Wheelbarrow
33:03 Town Watch
35:21 Bloodlines
37:28 Hand Cart
39:36 Town Patrol
39:40 Heavy Plow
40:33 Iron Casting
44:14 Imperial Age
El Tornado
12:01 Feudal Age
14:23 Double-Bit Axe
16:56 Castle Age
14:45 Loom
17:34 Scale Barding Armor
19:51 Husbandry
30:51 Horse Collar
31:51 Bow Saw
BuFu1
3:22 Loom
13:52 Feudal Age
18:28 Castle Age
16:36 Double-Bit Axe
16:33 Horse Collar
19:31 Bow Saw
20:36 Wheelbarrow
20:07 Heavy Plow
27:48 Stone Mining
29:15 Hand Cart
32:44 Imperial Age
30:25 Gold Mining
30:52 Fletching
31:03 Padded Archer Armor
31:30 Bodkin Arrow
33:02 Leather Archer Armor
33:32 Ballistics
34:21 Gold Shaft Mining
34:24 Stone Shaft Mining
33:51 Husbandry
34:02 Bloodlines
34:12 Thumb Ring
34:01 Town Watch
34:39 Conscription
35:02 Bracer
35:35 Parthian Tactics
36:37 Chemistry
35:11 Capped Ram
36:03 Elite Mangudai
37:06 Siege Ram
39:15 Town Patrol
40:30 Drill
elhijochiquito
12:49 Loom
15:43 Feudal Age
17:07 Double-Bit Axe
24:42 Castle Age
24:09 Wheelbarrow
23:50 Crossbowman
25:02 Fletching
25:14 Padded Archer Armor
28:48 Fishing Lines
31:48 Hand Cart
32:43 Gillnets
34:37 Bodkin Arrow
35:13 Gold Mining
35:13 Stone Mining
35:57 Bow Saw
36:43 Ballistics
36:20 Murder Holes
37:41 Leather Archer Armor
41:33 Imperial Age
40:27 Thumb Ring
40:38 Capped Ram
41:08 Arbalester
哭稀饭(2125613428)
3:31 Loom
13:42 Feudal Age
15:05 Champi Runner
18:28 Castle Age
16:16 Champi Runner
18:08 Arson
18:27 Scale Mail Armor
19:44 Champi Warrior
21:40 Chain Mail Armor
24:52 Forging
25:37 Double-Bit Axe
25:33 Horse Collar
26:14 Crossbowman
27:55 Fletching
31:10 Bodkin Arrow
37:08 Wheelbarrow
37:10 Elite Skirmisher
39:45 Bow Saw
大王同学
13:56 Feudal Age
15:06 Double-Bit Axe
18:04 Castle Age
17:13 Wheelbarrow
16:24 Loom
16:30 Loom
17:21 Wheelbarrow
16:39 Gold Mining
19:10 Bow Saw
19:18 Fletching
19:31 Husbandry
20:17 Bloodlines
20:13 Horse Collar
23:42 Bodkin Arrow
24:57 Padded Archer Armor
27:46 Scale Barding Armor
29:15 Heavy Plow
30:17 Leather Archer Armor
30:40 Ballistics
31:28 Town Watch
31:58 Hand Cart
32:44 Gold Shaft Mining
32:03 Stone Mining
38:48 Imperial Age
38:03 Thumb Ring
39:48 Bracer
41:47 Chemistry
41:11 Maghrebi Camels
42:07 Ring Archer Armor
41:03 Heavy Camel Rider
42:25 Stone Shaft Mining
42:00 Elite Camel Archer
42:29 Elite Genitour
方霍霍
8:33 Loom
12:59 Feudal Age
18:59 Castle Age
19:09 Double-Bit Axe
19:17 Gold Mining
23:14 Scale Mail Armor
25:39 Chain Mail Armor
Wosnwbwk
7:11 Loom
12:52 Feudal Age
19:12 Castle Age
18:21 Double-Bit Axe
25:08 Scale Barding Armor
31:33 Chain Barding Armor
39:12 Forging
38:50 Fishing Lines
Connection lost

Rejoining the realm…

Still unreachable

The connection could not be restored.

Session expired

The server has moved on; the page needs a fresh start.